 Dungeon Crawl Stone Soup version 0.31-a0-1620-gcbf77bbcfc (webtiles) character file.

Game seed: 17911706086670436013

356 zenocrate the Sneak (level 6, -8/28 HPs)
             Began as a Vine Stalker Enchanter on Jan 11, 2024.
             Mangled by a hornet (15 damage)
             ... while paralysed by a hornet
             ... on level 4 of the Dungeon.
             The game lasted 00:05:33 (2713 turns).

zenocrate the Sneak (Vine Stalker Enchanter)        Turns: 2713, Time: 00:05:33

Health: -8/28      AC:  3    Str: 10    XL:     6   Next: 63%
Magic:  0/10       EV:  2    Int: 15    God:
Gold:   155        SH:  0    Dex: 17    Spells: 1/9 levels left

rFire   . . .        a - +1 dagger
rCold   . . .        (no shield)
rNeg    . . .        b - +0 robe
rPois   .            (no helmet)
rElec   .            (no cloak)
rCorr   .            (no gloves)
SInv    .            m - +0 pair of boots
Will    .....        q - amulet of regeneration
Stlth   +++          (no ring)
HPRegen 1.84/turn    (no ring)
MPRegen 0.12/turn

%: guardian spirit
@: paralysed, lethally poisoned (-8 -> -8), slowed
A: fangs 2, regeneration 1, magic shield, antimagic bite, no potion heal 2
a: no special abilities


You were on level 4 of the Dungeon.
You visited 1 branch of the dungeon, and saw 4 of its levels.
You also visited: Sewer.

You collected 155 gold pieces.

Inventory:

Hand Weapons
 a - a +1 dagger (weapon)
 n - the +8 morningstar of Putrescence {flame, Fly rElec rCorr Str-3}
   (You found it in a sewer)

   Str-3:     It affects your strength (-3).
   rElec:     It insulates you from electricity.
   Fly:       It grants you flight.
   rCorr:     It protects you from acid and corrosion.
Missiles
 t - 5 poisoned darts (quivered)
Armour
 b - a +0 robe (worn)
 m - a +0 pair of boots (worn)
Jewellery
 i - an amulet of reflection
 q - an amulet of regeneration (around neck)
 r - an amulet of the acrobat
Scrolls
 g - 2 scrolls of fear {unknown}
 j - 2 scrolls of revelation {unknown}
 k - a scroll of blinking {unknown}
 l - a scroll of amnesia {unknown}
 p - a scroll of enchant weapon {unknown}
 s - a scroll of enchant armour {unknown}
Potions
 c - 2 potions of invisibility
 d - a potion of magic
 e - a potion of mutation
 f - 2 potions of curing {unknown}
 h - 2 potions of heal wounds {unknown}
 o - a potion of attraction {unknown}


   Skills:
 * Level 2.9 Short Blades
 + Level 3.1 Dodging
 + Level 5.1 Stealth
 - Level 2.1 Spellcasting
 + Level 3.9 Hexes
 + Level 2.3 Ice Magic


You had one spell level left.
You knew the following spells:

 Your Spells              Type           Power      Damage    Failure   Level
a - Ensorcelled Hibernat  Hex/Ice        22%        N/A       9%          2
b - Confusing Touch       Hex            13%        N/A       13%         3
c - Tukima's Dance        Hex            13%        N/A       13%         3

Your spell library contained the following spells:

 Spells                   Type           Power      Damage    Failure   Level
 Slow                     Hex            52%        N/A       4%          1
 Sigil of Binding         Hex            13%        N/A       13%         3
 Dazzling Flash           Conj/Hex       14%        N/A       28%         3
 Lesser Beckoning         Tloc           2%         N/A       32%         2
 Summon Ice Beast         Ice/Summ       5%         N/A       38%         3
 Call Canine Familiar     Summ           1%         N/A       54%         3
 Fugue of the Fallen      Necr           1%         N/A       54%         3
 Gell's Gravitas          Tloc           1%         N/A       54%         3
 Teleport Other           Tloc           1%         N/A       54%         3
 Vampiric Draining        Necr           1%         2d6       54%         3
 Anguish                  Hex/Necr       3%         N/A       67%         4
 Dimensional Bullseye     Hex/Tloc       3%         N/A       67%         4
 Summon Mana Viper        Hex/Summ       7%         N/A       95%         5
 Monstrous Menagerie      Summ           0%         N/A       100%        7


Dungeon Overview and Level Annotations

Branches:
Dungeon (4/15)              Sewer (visited)
 Temple: D:4-7

Altars:
Gozag
Makhleb

Shops:
D:2 (:

Annotations:
D:4 Azoth's ghost, amateur DrSh


Innate Abilities, Weirdness & Mutations

You have extremely sharp teeth.
Your natural rate of healing is unusually fast.
When hurt, damage is shared between your health and your magic reserves.
Your bite disrupts and absorbs the magic of your enemies.
Potions cannot restore your health.


Message History

You impale the hobgoblin!!
You kill the hobgoblin!
Casting: Ensorcelled Hibernation (safe; 9% risk of failure)
Confirm with . or Enter, or press ? or * to list all spells.
Aiming: Ensorcelled Hibernation (safe; 9% risk of failure)
Press: ? - help, Shift-Dir - straight line, f - endoplasm
Aim: an endoplasm (chance to affect: 62%)
The endoplasm looks drowsy...
The helpless endoplasm fails to defend itself.
You impale the endoplasm!!
You kill the endoplasm!
The hornet closely misses you.
Casting: Ensorcelled Hibernation (safe; 9% risk of failure)
Confirm with . or Enter, or press ? or * to list all spells.
You don't have enough magic to cast this spell.
Unknown command.
Casting: Ensorcelled Hibernation (safe; 9% risk of failure)
Confirm with . or Enter, or press ? or * to list all spells.
Aiming: Ensorcelled Hibernation (safe; 9% risk of failure)
Press: ? - help, Shift-Dir - straight line, f - hornet
Aim: a hornet (chance to affect: 36%)
The hornet looks drowsy...
Unknown command.
The helpless hornet fails to defend itself.
You impale the hornet!!
The hornet is almost dead.
The hornet barely misses you.
You completely miss the hornet. Your bite misses the hornet.
The hornet is almost dead.
The hornet stings you.
You suddenly lose the ability to move!
Azoth's ghost says, "What do you have that I didn't have?"
The hornet stings you!
You are poisoned.
You feel yourself slow down.
You feel sick. The hornet stings you!
* * * LOW HITPOINT WARNING * * *
You feel as though you will be slow longer.
You feel sick. The hornet stings you!
Ouch! That really hurt!
You die...

#.# ..##.# #.# #.....
8.8 ####### # ....# #.#
##.8∩8∩##
.###...#####.##
#.$.$$..#
.........#8.8###8$$8..8#
#....... #.##@#..._...#
##..)#.####'##y##....$##
#......##.....Wo##yo'###
#......##.#.....h......#
#......##.##...#.......#
#............#......####
#..............######
###.###<..#.##.#
#####.###...#(##.#


You could see a hornet, a howler monkey, Azoth's ghost and an orc.

Vanquished Creatures
  A bullfrog (Sewer)
  15 adders
  A river rat (D:3)
  13 dart slugs
  2 ribbon worms
  2 orcs (D:3)
  17 endoplasms
  8 giant cockroaches
  7 goblins
  8 hobgoblins
  5 kobolds
  3 quokkas
  21 ball pythons
  5 bats
  10 frilled lizards
  4 rats
122 creatures vanquished.

Notes
Turn   | Place    | Note
-------+----------+-------------------------------------------
     0 | D:1      | zenocrate the Vine Stalker Enchanter began the quest for
                  | the Orb.
     0 | D:1      | Reached XP level 1. HP: 9/9 MP: 4/4
    26 | D:1      | Reached skill level 1 in Short Blades
    59 | D:1      | Reached XP level 2. HP: 12/13 MP: 3/6
    91 | D:1      | Learned a level 2 spell: Ensorcelled Hibernation
   412 | D:1      | Reached XP level 3. HP: 16/16 MP: 3/7
   416 | D:1      | Learned a level 3 spell: Confusing Touch
   513 | D:1      | Reached skill level 4 in Stealth
   626 | D:2      | Found Amneac's Book Boutique.
   741 | D:2      | Found Bof Mer's Antique Weapon Shoppe.
   788 | D:2      | Reached XP level 4. HP: 21/21 MP: 8/8
   815 | D:2      | Reached skill level 1 in Ice Magic
   871 | D:2      | Found a burning altar of Makhleb.
  1230 | D:3      | Found a glowing drain.
  1242 | D:3      | Reached XP level 5. HP: 23/24 MP: 4/9
  1249 | Sewer    | Entered a sewer
  1663 | Sewer    | Reached XP level 6. HP: 16/28 MP: 2/10
  1667 | Sewer    | Learned a level 3 spell: Tukima's Dance
  1884 | Sewer    | Reached skill level 5 in Stealth
  1944 | Sewer    | Identified the +8 morningstar of Putrescence {flame, Fly
                  | rElec rCorr Str-3}
  2632 | D:4      | Found a runed translucent gate.
  2635 | D:4      | Found a runed translucent gate.
  2636 | D:4      | Found a runed translucent gate.
  2637 | D:4      | Found an opulent altar of Gozag.
  2638 | D:4      | Noticed Azoth's ghost (amateur DrSh)
  2639 | D:4      | Noticed a hornet
  2711 | D:4      | Paralysed by a hornet for 2 turns
  2713 | D:4      | Mangled by a hornet

Illustrated notes

Levels and vault maps discovered:
D:1:      psy_arrival_statuary, layout_rooms
D:2:      minmay_diamond_boxcup, layout_rooms, basic_altar, serial_shops, shop,
          nicolae_shop_window_shopping
D:3:      layout_loops_ring, cheibrodos_sewer_entry_sluice
D:4:      layout_loops_cross, okawaru_ov_weapons_minmay, ebering_ghost_gozag,
          dk_noncrumbling_2

Skill      XL: |  1  2  3  4  5  6 |
---------------+-------------------+-----
Short Blades   | 1 2 |  2.9
Stealth        | 4 5 |  5.1
Dodging        | 2 3 |  3.1
Ice Magic      | 1 2 |  2.3
Spellcasting   | |  2.1
Hexes          | |  3.9

Action                     |  1- 3 |  4- 6 || total
---------------------------+-------+-------++-------
  Melee: Dagger            |    93 |   254 ||   347
         Bite              |    22 |    58 ||    80
         Punch             |     1 |       ||     1
   Cast: Ensorcelled Hiber |    17 |    44 ||    61
    Use: Scroll            |       |     2 ||     2
   Stab: Sleeping          |    11 |    31 ||    42
 Armour: Robe              |    58 |   131 ||   189
  Dodge: Dodged            |    76 |   176 ||   252
  Block: Other             |    12 |    49 ||    61
         Reflection        |       |     3 ||     3

Table legend: (Time is in decaauts)
 A = Elapsed time spent in this place.
 B = Non-inter-level travel time spent in this place.
 C = Inter-level travel time spent in this place.
 D = Time resting spent in this place.
 E = Time spent auto-exploring this place.
 F = Levels seen in this place.
 G = Mean time per level.
                   A        B        C        D        E       F      G
               +--------+--------+--------+--------+--------+-----+--------+
         Total |   2751 |   2666 |     85 |      0 |   1797 |   5 |  550.2 |
       Dungeon |   1989 |   1904 |     85 |      0 |   1404 |   4 |  497.2 |
         Sewer |    762 |    762 |      0 |      0 |    393 |   1 |  762.0 |
               +--------+--------+--------+--------+--------+-----+--------+

Top non-repeatable levels by time:
   Sewer: 762 daAuts
     D:3: 682 daAuts
     D:2: 630 daAuts
     D:1: 583 daAuts
     D:4: 93 daAuts
